Map: Blackpink LE

Players

Maru - Winner!

  • Race: Terran Terran
  • Spawn Location: 7:00

TYTY (TY)

  • Race: Terran Terran
  • League: Diamond
  • Spawn Location: 1:00

Event: IEM Season 12 - Katowice

VOD

Have the link to the VOD?

Description

Time

  • Played on: March 1, 2018, 8:44 a.m.
  • Length: 3:15

All games in this series

Show
View Real Time Build Order
Export as new Build Order

Maru Terran - Winner!

Build Orders:  

Get SALT Encoding   

  12  0:00  SCV  
  13  0:16  Supply Depot  
  13  0:17  SCV  
  14  0:38  Barracks  
  14  0:42  Refinery  
  14  0:53  Barracks  
  14  0:58  SCV  
  15  1:10  SCV  
  16  1:12  Refinery  
  16  1:22  SCV  
  17  1:26  Reaper  
  18  1:34  SCV  
  19  1:41  Reaper  
  20  1:49  Orbital Command  
  20  1:58  Reaper  
  21  2:04  Supply Depot  
  20  2:13  Reaper  
  20  2:15  SCV  
  22  2:27  SCV  
  23  2:35  Factory  
  23  2:38  Reaper  
  23  2:39  SCV  
  27  2:51  SCV  
  27  3:03  SCV  
Show
View Real Time Build Order
Export as new Build Order

TYTY Terran 

Build Orders:  

Get SALT Encoding   

  12  0:00  SCV  
  13  0:12  SCV  
  14  0:18  Supply Depot  
  14  0:24  SCV  
  15  0:30  Refinery  
  15  0:40  SCV  
  16  0:44  Barracks  
  16  0:52  SCV  
  17  1:04  SCV  
  18  1:16  SCV  
  19  1:30  Reaper  
  19  1:31  Orbital Command  
  20  1:50  Supply Depot  
  20  1:51  Factory  
  20  1:56  SCV  
  20  1:58  Refinery  
  21  2:02  Marine  
  22  2:13  SCV  
  23  2:17  Supply Depot  
  23  2:20  Marine  
  23  2:25  SCV  
  21  2:34  Hellion, Starport  
  22  2:37  SCV  
  22  2:38  Marine  
  22  2:49  SCV  
  21  2:57  Marine  

Tags
 
Add a new tag
Caveats
  • Supply blocks, unpowered buildings, or Contaminate may cause inaccurate times.
  • Supply counts are checked every 10 seconds.